 Dungeon Crawl Stone Soup version 0.29.0-4-gdea44cf6ec (webtiles) character file.

Game seed: 2500551503867145317

70 qw the Chopper (level 4, -7/28 HPs)
             Began as a Gargoyle Fighter on Sept 9, 2022.
             Killed by divine providence
             ... invoked by an orc priest
              (13 damage)
             ... on level 3 of the Dungeon.
             The game lasted 00:00:45 (1854 turns).

qw the Chopper (Gargoyle Fighter)                   Turns: 1854, Time: 00:00:46

Health: -7/28      AC: 11    Str: 21    XL:     4   Next: 21%
Magic:  0/4        EV: 13    Int:  9    God:
Gold:   104        SH:  4    Dex:  9    Spells: 3/3 levels left

rFire   + . .      SeeInvis .   Y - +0 war axe
rCold   . . .      Faith    .   c - +0 buckler
rNeg    + . .      Spirit   +   b - +0 scale mail
rPois   inf        Reflect  .   (no helmet)
rElec   +          Harm     .   (no cloak)
rCorr   .          Rampage  .   q - +0 pair of gloves
Will    .....                   (no boots)
Stlth   ..........              m - amulet of guardian spirit
HPRegen 0.09/turn               k - ring of protection from fire
MPRegen 0.09/turn               f - +4 ring of evasion

@: no status effects
A: sickness immunity, AC +3, negative energy resistance 1, electricity
resistance, torment resistance 1, petrification resistance
a: no special abilities


You were on level 3 of the Dungeon.
You visited 1 branch of the dungeon, and saw 3 of its levels.

You collected 104 gold pieces.


Innate Abilities, Weirdness & Mutations

You are immune to sickness and miasma.
Your stone body is resilient. (AC +3)
You are immune to poison.
You resist negative energy. (rN+)
You are resistant to electric shocks. (rElec)
You are resistant to unholy torment.
You are immune to petrification.


   Skills:
 - Level 3.2 Fighting
 + Level 4.0 Axes
 - Level 3.2 Armour
 - Level 3.2 Shields


You had 3 spell levels left.
You didn't know any spells.
Your spell library was empty.

Inventory:

Hand Weapons
 o - a +0 whip
 Y - a +0 war axe (weapon)
Armour
 b - a +0 scale mail (worn)
 c - a +0 buckler (worn)
 q - a +0 pair of gloves (worn)
Jewellery
 f - a +4 ring of evasion (right hand)
 k - a ring of protection from fire (left hand)
 m - an amulet of guardian spirit (around neck)
 n - a ring of ice
Scrolls
 a - a scroll of amnesia {unknown}
 i - 2 scrolls of identify
Potions
 d - 2 potions of might
 e - 3 potions of haste
 g - a potion of resistance {unknown}
 h - a potion of flight {unknown}
 j - a potion of curing {unknown}
 l - a potion of heal wounds {unknown}

Dungeon Overview and Level Annotations

Branches:
Dungeon (3/15)

Altars:
Hepliaklqana


Message History

The ball python hisses angrily.
Enter note: You hit the ball python.
You kill the ball python!
Your Axes skill increases to level 4!
You see here a ball python corpse.
Found a stone staircase leading down.
a - a scroll labelled QUICKAETUA You open the door.
You open the door.
There is an open door here.
Found a hand axe.
Enter note: A rat comes into view.
You closely miss the rat. You block the rat's attack.
You hit the rat.
You kill the rat!
i - 2 scrolls of identify (gained 1)
An orc priest comes into view. It is wielding a +0 short sword.
Enter note: An orc and an orc priest come into view.
The orc shouts!
The orc priest shouts!
An orc comes into view. It is wielding a +0 club.
You see here a yellow potion.
The orc shouts!
The orc priest invokes the aid of Beogh against you.
Beogh smites you!
The orc priest mumbles some strange prayers to Beogh against you.
Pain shoots through your body! The orc priest closely misses you.
The orc misses you.
The orc priest mumbles some strange prayers to Beogh against you.
Pain shoots through your body!
You barely miss the orc priest. You hit the orc. You slash the orc!
You kill the orc!
The orc priest calls down the wrath of Beogh upon you.
Beogh smites you! You block the orc's attack.
The orc priest mumbles some strange prayers to Beogh against you.
Beogh smites you!
You die...

.......).....#...###.
#...........#.....
#...........#......
#...........#......
#...........#.....
.........!...#.....
................#
.......?........#
...........@....#
..........)ooo..#
..$...#####.....#
..... #.....# ###
#.....# #.....#
#.....# #.....#


You could see 2 orc priests and an orc.

Vanquished Creatures
  4 adders
  A worm (D:2)
  An orc (D:3)
  3 bats
  4 endoplasms
  A giant cockroach (D:1)
  A goblin (D:1)
  4 hobgoblins
  2 quokkas
  3 ball pythons
  3 frilled lizards
  3 kobolds (D:2)
  4 rats
34 creatures vanquished.

Notes
Turn   | Place    | Note
-------+----------+-------------------------------------------
     0 | D:1      | qw the Gargoyle Fighter began the quest for the Orb.
     0 | D:1      | Reached XP level 1. HP: 14/14 MP: 1/1
     0 | D:1      | 0 ||| qw: Version: 0.1-a-113-g051387a
     0 | D:1      | 0 ||| qw: Game counter: 6888
     0 | D:1      | 0 ||| qw: Always use a shield: true
     0 | D:1      | 0 ||| qw: God list: Okawaru
     0 | D:1      | 0 ||| qw: Allow faded altars: false
     0 | D:1      | 0 ||| qw: Do Orc after D:15 true
     0 | D:1      | 0 ||| qw: Do second Lair branch before Depths: true
     0 | D:1      | 0 ||| qw: Lair rune preference: random
     0 | D:1      | 0 ||| qw: Plans: Normal, Zot, God:TSO, Crypt, Tomb, Zig,
                  | Orb
     0 | D:1      | 0 ||| PLANNING D:1-11
    75 | D:1      | Reached skill level 2 in Axes
   271 | D:1      | Found a faded altar of an unknown god.
   299 | D:1      | Reached XP level 2. HP: 19/19 MP: 2/2
   771 | D:1      | 771 ||| UPGRADING to ring of protection from fire.
   772 | D:1      | 772 ||| READING scroll labelled IVIFEBR QONK.
   773 | D:1      | 773 ||| READING scroll labelled DEQU LOROTAT.
   774 | D:1      | 774 ||| READING scroll labelled AHIEKO ENNU.
   775 | D:1      | 775 ||| READING scroll labelled ICWOEXT MAJIOGIO.
   776 | D:1      | 776 ||| READING scroll labelled MEPYAZ CISU.
   857 | D:2      | Reached skill level 3 in Axes
   857 | D:2      | Reached XP level 3. HP: 23/23 MP: 3/3
   883 | D:2      | 883 ||| Stepping ~*~*~tactically~*~*~ (stealth).
  1065 | D:2      | Found a hazy altar of Hepliaklqana.
  1443 | D:2      | 1443 ||| DROPPING +0 club.
  1579 | D:2      | 1579 ||| UPGRADING to +0 pair of gloves.
  1584 | D:2      | 1584 ||| UPGRADING to amulet of guardian spirit.
  1589 | D:2      | 1589 ||| UPGRADING to +4 ring of evasion.
  1590 | D:2      | 1590 ||| READING scroll labelled QEWKUE HIBRUOM.
  1594 | D:2      | 1594 ||| READING scroll labelled GEACAGECUU.
  1595 | D:2      | 1595 ||| READING 2 scrolls of identify.
  1595 | D:2      | 1595 ||| IDENTIFYING smoky white potion
  1615 | D:3      | 1615 ||| STAIRDANCE
  1621 | D:3      | Reached XP level 4. HP: 28/28 MP: 4/4
  1797 | D:3      | Reached skill level 4 in Axes
  1854 | D:3      | HP: 6/28 [orc priest/divine providence (11)]
  1854 | D:3      | Killed from afar by an orc priest

Levels and vault maps discovered:
D:1:      lightli_arrival_maybe_door_vault, layout_rooms,
          ebering_ecumenical_altar_rust, grunt_decor_clamped,
          minmay_tromino_mix6
D:2:      layout_loops_cross, basic_altar, kennysheep_flooded_box
D:3:      layout_basic

Skill      XL: |  1  2  3  4 |
---------------+-------------+-----
Axes           | 2 3 4 |  4.0
Fighting       | |  3.2
Armour         | |  3.2
Shields        | |  3.2

Action                   |  1- 3 |  4- 6 || total
-------------------------+-------+-------++-------
Melee: War axe           |    69 |    10 ||    79
  Use: Scroll            |     8 |       ||     8
Armor: Scale mail        |    30 |     1 ||    31
Dodge: Dodged            |    30 |     7 ||    37
Block: Buckler           |    11 |     4 ||    15

Table legend:
 A = Non-vault XP
 B = Vault XP
 C = Vault XP percentage of total XP
 D = Non-vault monster count
 E = Vault monster count
 F = Vault count percentage of total count
                 A         B        C        D         E       F
            +---------+---------+-------+---------+---------+-------
      Total |     100 |       3 |   2.9 |      32 |       2 |   5.9
            +---------+---------+-------+---------+---------+-------
        D:1 |      20 |       3 |  13.0 |      11 |       2 |  15.4
        D:2 |      58 |       0 |   0.0 |      15 |       0 |   0.0
        D:3 |      22 |       0 |   0.0 |       6 |       0 |   0.0
            +---------+---------+-------+---------+---------+-------
